 Dungeon Crawl Stone Soup version 0.28.0-62-gf88900778d (webtiles) character file.

Game seed: 14945102146352603198

119 cbfl8 the Skirmisher (level 5, 0/33 HPs)
             Began as a Gargoyle Berserker on June 1, 2023.
             Was a Believer of Trog.
             Slain by Crazy Yiuf
             ... wielding a +4 quarterstaff of chaos
              (12 damage)
             ... on level 2 of the Dungeon.
             The game lasted 00:01:23 (2425 turns).

cbfl8 the Skirmisher (Gargoyle Berserker)           Turns: 2425, Time: 00:01:24

Health: 0/33       AC: 15    Str: 21    XL:     5   Next: 3%
Magic:  5/5        EV:  6    Int:  7    God:    Trog [**....]
Gold:   87         SH:  0    Dex: 11    Spells: 4/4 levels left

rFire   . . .      SeeInvis .   a - +0 mace
rCold   . . .      Faith    .   (no shield)
rNeg    + . .      Spirit   .   e - +0 plate armour
rPois   ∞          Reflect  .   (no helmet)
rElec   +          Harm     .   (no cloak)
rCorr   .          Rampage  .   (no gloves)
Will    .....                   (no boots)
Stlth   ..........              (no amulet)
HPRegen 0.11/turn               (no ring)
MPRegen 0.09/turn               (no ring)

@: mighty, on berserk cooldown, slowed, very slow
A: sickness immunity, AC +4, negative energy resistance 1, electricity
resistance, torment resistance 1, petrification resistance
a: Renounce Religion, Berserk, Trog's Hand


You were on level 2 of the Dungeon.
You worshipped Trog.
Trog was pleased with you.
You visited 1 branch of the dungeon, and saw 2 of its levels.

You collected 87 gold pieces.

Inventory:

Hand Weapons
 a - a +0 mace (weapon)
Armour
 e - a +0 plate armour (worn)
Jewellery
 b - a ring of protection from cold
Wands
 j - a wand of flame (13)
Scrolls
 d - 2 scrolls of identify {unknown}
 f - a scroll of enchant weapon {unknown}
 h - a scroll of enchant armour {unknown}
 i - a scroll of teleportation {unknown}
 k - a scroll of immolation {unknown}
 l - a scroll of vulnerability {unknown}
 m - a scroll of amnesia {unknown}
Potions
 c - 4 potions of flight {unknown}
 g - 3 potions of curing {unknown}


   Skills:
 + Level 4.2 Fighting
 + Level 4.1 Maces & Flails
 + Level 2.6 Armour
 + Level 1.8 Dodging
 * Level 1.4 Evocations


You had 4 spell levels left.
You didn't know any spells.
Your spell library was empty.

Dungeon Overview and Level Annotations

Branches:
Dungeon (2/15)

Altars:
Beogh

Annotations:
D:2 Crazy Yiuf


Innate Abilities, Weirdness & Mutations

You are immune to sickness and miasma.
Your stone body is resilient. (AC +4)
You are immune to poison.
You resist negative energy. (rN+)
You are resistant to electric shocks. (rElec)
You are resistant to unholy torment.
You are immune to petrification.


Message History

No reachable target in view!
Could not explore, unopened runed door.
No reachable target in view!
Could not explore, unopened runed door.
No reachable target in view!
Could not explore, unopened runed door.
A red film seems to cover your vision as you go berserk!
You feel yourself moving faster!
You feel mighty!
The door flies open with a bang!
You feel a strong urge to attack something.
You closely miss Crazy Yiuf.
Crazy Yiuf hits you with a +4 quarterstaff of chaos!
You hit Crazy Yiuf but do no damage.
Crazy Yiuf hits you with a +4 quarterstaff of chaos.
You feel very mighty all of a sudden.
You closely miss Crazy Yiuf. You hit Crazy Yiuf but do no damage.
Crazy Yiuf hits you with a +4 quarterstaff of chaos.
You are confused.
You bump into the tree.
Crazy Yiuf hits you but does no damage.
You closely miss Crazy Yiuf.
Crazy Yiuf hits you with a +4 quarterstaff of chaos.
You barely miss Crazy Yiuf.
You're too confused to move!
Crazy Yiuf yells, "Lugonu mumblescurry senile!"
Crazy Yiuf completely misses you.
You bump into the tree.
You feel a strong urge to attack something.
You are no longer berserk.
You are exhausted.
You feel yourself slow down.
Crazy Yiuf hits you with a +4 quarterstaff of chaos.
Crazy Yiuf freezes you.
You bump into the stone wall.
Crazy Yiuf completely misses you.
Unknown command.
You hit Crazy Yiuf.
Crazy Yiuf is lightly wounded.
You feel less confused.
Crazy Yiuf hits you with a +4 quarterstaff of chaos!
You die...

#.# #....####...#....... #.#
#....# ###.#.###### #.# ♣..PP♣
#...#.# #######.# ♣..P♣♣ ##..#.#
#.......# ♣♣.♣♣ #..#.# #.#######
♣.♣♣ #..#.# #.########## ♣♣.♣
##..#.##### ...........# ♣.♣♣
#........># #.##.#.....# ♣♣@♣
#...#.###.# .......#...# #g#
#..##.# #.# #.##.#...### ...
#.....# #.## ..##.#...# #...#
#.##### #... ####.#...# #..)#
#..######### #.#.#.# #####
#..'........ ####.#.#.###
#..######### .....#.#...####
#####.#
######.##.###.#####.#.#.#########


You could see Crazy Yiuf.

Vanquished Creatures
  Jessica (D:2)
  Robin (D:2)
  3 adders (D:2)
  A dart slug (D:2)
  2 endoplasms (D:1)
  4 giant cockroaches (D:1)
  8 goblins
  11 hobgoblins
  4 kobolds
  2 quokkas (D:1)
  3 ball pythons
  A bat (D:1)
  5 frilled lizards
  5 rats
51 creatures vanquished.

Notes
Turn   | Place    | Note
-------+----------+-------------------------------------------
     0 | D:1      | cbfl8 the Gargoyle Berserker began the quest for the Orb.
     0 | D:1      | Reached XP level 1. HP: 14/14 MP: 1/1
   152 | D:1      | Reached XP level 2. HP: 13/19 MP: 2/2
   333 | D:1      | Reached ** piety under Trog
   427 | D:1      | Found a faded altar of an unknown god.
   485 | D:1      | Reached XP level 3. HP: 23/23 MP: 3/3
  1110 | D:2      | Noticed Jessica
  1115 | D:2      | Killed Jessica
  1116 | D:2      | Reached XP level 4. HP: 24/29 MP: 4/4
  1121 | D:2      | Reached skill level 1 in Evocations
  1386 | D:2      | Found a runed translucent door.
  1387 | D:2      | Noticed Crazy Yiuf
  1656 | D:2      | Noticed Robin
  1666 | D:2      | Killed Robin
  1669 | D:2      | Reached XP level 5. HP: 15/33 MP: 5/5
  2425 | D:2      | Slain by Crazy Yiuf

Illustrated notes

Levels and vault maps discovered:
D:1:      mrwooster_arrival_statue_2, layout_loops_ring,
          hellmonk_ecumenical_altar_defaced_shrine, minmay_octomino_e4
D:2:      layout_basic, uniq_crazy_yiuf_cottage, uniq_robin, uniq_jessica

Skill      XL: |  1  2  3  4 |
---------------+-------------+-----
Maces & Flails | 4 |  4.1
Evocations     | 1 |  1.4
Fighting       | 4 |  4.2
Armour         | |  2.6
Dodging        | |  1.8

Action                   |  1- 3 |  4- 6 || total
-------------------------+-------+-------++-------
Melee: Mace              |    91 |    58 ||   149
Invok: Berserk           |       |     1 ||     1
Armor: Animal skin       |     4 |       ||     4
       Plate armour      |    48 |    51 ||    99
Dodge: Dodged            |    35 |    19 ||    54
